 Dungeon Crawl Stone Soup version 0.24-a0-412-ge138f7e (webtiles) character file.

Game seed: 2412381598673570956

184 r3xj the Firebug (level 5, -5/38 HPs)
             Began as a Draconian Fire Elementalist on June 7, 2019.
             Slain by Grinder (8 damage)
             ... on level 3 of the Dungeon.
             The game lasted 00:10:56 (3738 turns).

r3xj the Firebug (Draconian Fire Elementalist)      Turns: 3738, Time: 00:10:57

Health: -5/38      AC:  5    Str: 10    XL:     5   Next: 36%
Magic:  1/8        EV: 12    Int: 16    God:
Gold:   189        SH:  0    Dex: 12    Spells: 8/9 levels left

rFire    + + .     SeeInvis .   g - +0 dagger
rCold    . . .     Gourm    .   (no shield)
rNeg     . . .     Faith    .   (armour unavailable)
rPois    .         Spirit   .   (helmet restricted)
rElec    .         Reflect  .   (no cloak)
rCorr    .         Harm     .   (no gloves)
MR       .....                  (no boots)
Stlth    ++........             d - amulet of magic regeneration
HPRegen  0.12/turn              e - ring of protection from fire
MPRegen  0.36/turn              l - ring of protection from fire

@: very slightly contaminated
A: unfitting armour, cold-blooded, AC +5
a: no special abilities


You were on level 3 of the Dungeon.
You were very hungry.

You visited 1 branch of the dungeon, and saw 3 of its levels.

You collected 189 gold pieces.

Inventory:

Hand Weapons
 f - a +0 short sword
 g - a +0 dagger (weapon)
Jewellery
 d - an amulet of magic regeneration (around neck)
 e - a ring of protection from fire (left hand)
 l - a ring of protection from fire (right hand)
 q - a +5 ring of intelligence {unknown}
Scrolls
 c - 5 scrolls of identify {unknown}
 m - a scroll of teleportation {unknown}
 n - a scroll of fog {unknown}
 p - 2 scrolls of immolation {unknown}
Potions
 h - a potion of might {unknown}
 i - a potion of brilliance {unknown}
 j - 2 potions of resistance {unknown}
 k - a potion of curing {unknown}
 o - a potion of degeneration {unknown}
 r - a potion of ambrosia {unknown}
 s - a potion of agility {unknown}
Comestibles
 b - 6 rations


   Skills:
 - Level 2.3 Dodging
 - Level 2.4 Stealth
 - Level 2.5 Spellcasting
 + Level 3.1 Conjurations
 + Level 4.3 Fire Magic


You had 8 spell levels left.
You knew the following spells:

 Your Spells              Type           Power        Failure   Level  Hunger
a - Flame Tongue          Conj/Fire      ##...        4%          1    #......

Your spell library contained the following spells:

 Spells                   Type           Power        Failure   Level  Hunger
 Throw Flame              Conj/Fire      ##....       6%          2    ##.....
 Conjure Flame            Conj/Fire      ##......     13%         3    ###....
 Inner Flame              Hex/Fire       #.......     24%         3    ###....
 Sticky Flame             Conj/Fire      ##......     38%         4    #####..
 Fireball                 Conj/Fire      ##........   75%         5    ######.


Dungeon Overview and Level Annotations

Branches:
Dungeon (3/15)

Altars:
Elyvilon
Qazlal
Vehumet

Annotations:
D:3 Grinder


Innate Abilities, Weirdness & Mutations

Your plain brown scales are hard. (AC +5)
You cannot fit into any form of body armour.
You are cold-blooded and may be slowed by cold attacks.


Message History

Grinder gestures at you. Pain shoots through your body!
Casting: Flame Tongue (safe; 4% risk of failure)
Confirm with . or Enter, or press ? or * to list all spells.
Aiming: Flame Tongue (safe; 4% risk of failure)
Press: ? - help, Shift-Dir - straight line, f/p - Grinder
Aim: Grinder (severely wounded)
The flame tongue hits Grinder.
Grinder is severely wounded.
Grinder hits you!
* * * LOW HITPOINT WARNING * * *
You writhe in agony.
* * * LOW HITPOINT WARNING * * *
Casting: Flame Tongue (safe; 4% risk of failure)
Confirm with . or Enter, or press ? or * to list all spells.
Aiming: Flame Tongue (safe; 4% risk of failure)
Press: ? - help, Shift-Dir - straight line, f/p - Grinder
Aim: Grinder (severely wounded)
The flame tongue misses Grinder.
Grinder hits you!
You die...

# #......# # #.._...#
####..8...# ......_..##
.........#
........################
####...................#
##.#..#############.#
#....#.....5@..# #.#
#....#.#####.#.# #.#
#####....# #.....#.###.#
......#..# #.##......#.#
#######..# #.##.#.#.#
.........# #....#.#.#
.#####..># #....#.#.# .#
#.########....#.#.# .#
#.# #.........#.#.#


You could see Grinder.

Vanquished Creatures
  An ogre (D:3)
  An adder (D:3)
  A gnoll (D:1)
  A worm (D:2)
  2 dart slugs
  5 leopard geckos
  2 orcs (D:3)
  4 giant cockroaches (D:2)
  6 goblins
  2 hobgoblins
  7 jackals
  15 kobolds
  5 bats
  3 frilled lizards
  9 rats
64 creatures vanquished.

Vanquished Creatures (others)
  2 plants (D:1)
2 creatures vanquished.

Grand Total: 66 creatures vanquished

Notes
Turn   | Place    | Note
-------+----------+-------------------------------------------
     0 | D:1      | r3xj the Draconian Fire Elementalist began the quest for
                  | the Orb.
     0 | D:1      | Reached XP level 1. HP: 14/14 MP: 3/3
   403 | D:1      | Reached XP level 2. HP: 20/20 MP: 5/5
   945 | D:1      | Reached XP level 3. HP: 15/26 MP: 1/6
  1221 | D:2      | Found a stormy altar of Qazlal.
  1895 | D:3      | Reached XP level 4. HP: 33/33 MP: 5/7
  2433 | D:3      | Found a radiant altar of Vehumet.
  2434 | D:3      | Found a white marble altar of Elyvilon.
  2905 | D:3      | Noticed an ogre
  3227 | D:3      | Killed an ogre
  3227 | D:3      | Reached skill level 4 in Fire Magic
  3227 | D:3      | Reached XP level 5. HP: 24/38 MP: 3/8
  3502 | D:3      | Noticed Grinder
  3511 | D:3      | Paralysed by Grinder for 2 turns
  3738 | D:3      | Slain by Grinder

Levels and vault maps discovered:
D:1:      dpeg_arrival_tiny_k, layout_basic, minmay_misc_feat_pillars,
          lexackson_kobold_supper
D:2:      minmay_kobold_bridge, layout_basic, overflow_temple_1_default
D:3:      layout_basic, chequers_temple_overflow_statue_of_worship, uniq_grinder

Skill      XL: |  1  2  3  4 |
---------------+-------------+-----
Stealth        | 2 |  2.4
Dodging        | 2 |  2.3
Conjurations   | 3 |  3.1
Fire Magic     | 4 |  4.3
Spellcasting   | |  2.5

Action                   |  1- 3 |  4- 6 || total
-------------------------+-------+-------++-------
Melee: Unarmed           |    60 |       ||    60
       Tailslap          |     6 |     5 ||    11
       Dagger            |    29 |    41 ||    70
 Cast: Flame Tongue      |    65 |    40 ||   105
 Stab: Sleeping          |     1 |     1 ||     2
  Eat: Chunk             |     4 |     5 ||     9
Armor: Skin              |    50 |    17 ||    67
Dodge: Dodged            |   103 |    45 ||   148

Table legend:
 A = Non-vault XP
 B = Vault XP
 C = Vault XP percentage of total XP
 D = Non-vault monster count
 E = Vault monster count
 F = Vault count percentage of total count
                 A         B        C        D         E       F
            +---------+---------+-------+---------+---------+-------
      Total |     245 |      18 |   6.8 |      52 |      12 |  18.8
            +---------+---------+-------+---------+---------+-------
        D:1 |      42 |      12 |  22.2 |      16 |       8 |  33.3
        D:2 |      34 |       6 |  15.0 |      16 |       4 |  20.0
        D:3 |     169 |       0 |   0.0 |      20 |       0 |   0.0
            +---------+---------+-------+---------+---------+-------
